[ AOE2 MATCH · #484505449 ]
UnrankedPersians vs Teutons
[ REPLAY ANALYSIS · EXTRACTED FROM THE RECORDED GAME ]
Feudal
12:00
Castle
17:27
Imperial
—
| APM avg | 32.5 |
| APM peak | 140 |
| eAPM avg | 15.3 |
| Villagers / military | 79 / 49 |
Focus
⚔️ 26.1% · 🌾 73.9%
Archer ×21 · Knight ×14 · Battering Ram ×7 · Spearman ×3 · War Elephant ×3 · Monk ×1
Feudal
13:27
Castle
37:10
Imperial
—
| APM avg | 12.7 |
| APM peak | 32 |
| eAPM avg | 10.5 |
| Villagers / military | 88 / 136 |
Focus
⚔️ 38.3% · 🌾 61.7%
Militia ×136 · Trade Cart ×4
Feudal
12:17
Castle
23:15
Imperial
—
| APM avg | 9.0 |
| APM peak | 25 |
| eAPM avg | 7.4 |
| Villagers / military | 90 / 11 |
Focus
⚔️ 10.4% · 🌾 89.6%
Archer ×11
Feudal
11:26
Castle
19:54
Imperial
37:04
| APM avg | 12.3 |
| APM peak | 22 |
| eAPM avg | 8.5 |
| Villagers / military | 48 / 34 |
Focus
⚔️ 36.9% · 🌾 63.1%
Spearman ×15 · Boyar ×6 · Militia ×6 · Knight ×3 · Mangonel ×2 · Trade Cart ×1
Match map
Initial resources + every placement click. Lines = walls · curves = elevation contours. ◆ gold · ⬟ stone · ● berries · ✦ relic · ◌ wall gap
Your base· Open — unwalled flank
ENDER GELİŞEN OSASUNA ATAKLARI's base· Open — unwalled flank
MrAlwaysWins's base· Open — unwalled flank
Hannibal's base· Open — unwalled flank
Smoothed initial terrain · ◌ = detected wall gap · hover for details
Inputs per minute
— leehunt85 - - ENDER GELİŞEN OSASUNA ATAKLARI
Build order — leehunt85
First 150 of 213 actions detected
| 0:10 | Build | House |
| 0:12 | Create | Villager (Male) |
| 0:12 | Create | Villager (Male) |
| 0:12 | Create | Villager (Male) |
| 0:13 | Create | Villager (Male) |
| 0:13 | Create | Villager (Male) |
| 0:13 | Create | Villager (Male) |
| 0:39 | Build | House |
| 0:45 | Build | House |
| 0:55 | Build | House |
| 1:27 | Create | Villager (Male) |
| 1:55 | Build | Mill |
| 2:19 | Create | Villager (Male) |
| 2:50 | Create | Villager (Male) |
| 3:05 | Create | Villager (Male) |
| 3:19 | Create | Villager (Male) |
| 3:46 | Create | Villager (Male) |
| 4:09 | Create | Villager (Male) |
| 4:15 | Create | Villager (Male) |
| 4:33 | Create | Villager (Male) |
| 4:44 | Build | Lumber Camp |
| 5:16 | Create | Villager (Male) |
| 5:45 | Build | Mill |
| 5:50 | Create | Villager (Male) |
| 5:50 | Create | Villager (Male) |
| 6:10 | Create | Villager (Male) |
| 6:52 | Create | Villager (Male) |
| 6:52 | Create | Villager (Male) |
| 6:55 | Create | Villager (Male) |
| 7:21 | Build | Mining Camp |
| 7:54 | Create | Villager (Male) |
| 7:54 | Create | Villager (Male) |
| 8:07 | Build | Farm |
| 9:06 | Build | House |
| 9:10 | Build | House |
| 9:22 | Build | Farm |
| 9:33 | Create | Villager (Male) |
| 9:33 | Create | Villager (Male) |
| 9:33 | Create | Villager (Male) |
| 9:33 | Create | Villager (Male) |
| 9:34 | Create | Villager (Male) |
| 9:56 | Research | Feudal Age |
| 9:56 | Research | Loom |
| 10:11 | Build | Farm |
| 10:17 | Build | Farm |
| 10:48 | Create | Villager (Male) |
| 10:48 | Create | Villager (Male) |
| 10:48 | Create | Villager (Male) |
| 10:49 | Create | Villager (Male) |
| 10:49 | Create | Villager (Male) |
| 10:52 | Research | Loom |
| 10:59 | Create | Villager (Male) |
| 11:41 | Create | Villager (Male) |
| 11:59 | Build | Farm |
| 12:00 | Age | Feudal Age |
| 12:06 | Build | Farm |
| 12:11 | Build | Farm |
| 12:34 | Build | Farm |
| 12:57 | Build | Blacksmith |
| 13:10 | Build | Market |
| 14:15 | Build | House |
| 14:49 | Build | Farm |
| 14:57 | Research | Castle Age |
| 15:08 | Build | Barracks |
| 15:23 | Create | Villager (Male) |
| 15:24 | Create | Villager (Male) |
| 15:24 | Create | Villager (Male) |
| 15:24 | Create | Villager (Male) |
| 16:33 | Research | Double-Bit Axe |
| 16:36 | Research | Horse Collar |
| 17:10 | Build | Archery Range |
| 17:20 | Build | Farm |
| 17:27 | Age | Castle Age |
| 18:02 | Build | Stable |
| 18:12 | Research | Crossbowman (upgrade) |
| 18:26 | Create | Villager (Male) |
| 18:26 | Create | Villager (Male) |
| 18:27 | Create | Villager (Male) |
| 18:43 | Create | Knight |
| 18:45 | Create | Knight |
| 18:57 | Build | Monastery |
| 19:20 | Build | Farm |
| 19:27 | Create | Villager (Male) |
| 19:27 | Create | Villager (Male) |
| 19:33 | Build | Farm |
| 19:39 | Create | Villager (Male) |
| 19:47 | Create | Monk |
| 20:08 | Build | House |
| 20:11 | Build | House |
| 20:15 | Build | House |
| 20:23 | Create | Knight |
| 21:43 | Build | House |
| 22:10 | Build | University |
| 23:43 | Create | Villager (Male) |
| 23:43 | Create | Villager (Male) |
| 23:43 | Create | Villager (Male) |
| 23:43 | Create | Villager (Male) |
| 23:44 | Create | Villager (Male) |
| 23:44 | Create | Villager (Male) |
| 23:46 | Research | Wheelbarrow |
| 23:46 | Research | Town Watch |
| 24:06 | Research | Murder Holes |
| 24:28 | Create | Villager (Male) |
| 24:28 | Create | Villager (Male) |
| 24:29 | Create | Villager (Male) |
| 24:36 | Build | Farm |
| 25:03 | Build | Farm |
| 25:10 | Build | House |
| 25:14 | Build | House |
| 25:33 | Build | Town Center |
| 25:48 | Build | Farm |
| 26:24 | Build | House |
| 26:27 | Build | House |
| 26:34 | Build | Siege Workshop |
| 26:47 | Research | Squires |
| 26:49 | Research | Pikeman (upgrade) |
| 26:52 | Create | Spearman |
| 26:52 | Create | Spearman |
| 26:52 | Create | Spearman |
| 26:59 | Create | Battering Ram |
| 26:59 | Create | Battering Ram |
| 27:06 | Research | Husbandry |
| 27:08 | Create | Knight |
| 27:08 | Create | Knight |
| 27:26 | Build | House |
| 29:48 | Build | Castle |
| 29:56 | Research | Thumb Ring |
| 30:13 | Build | Farm |
| 30:17 | Build | Farm |
| 30:22 | Build | Farm |
| 30:29 | Create | Villager (Male) |
| 30:30 | Create | Villager (Male) |
| 30:30 | Create | Villager (Male) |
| 30:30 | Create | Villager (Male) |
| 30:31 | Create | Villager (Male) |
| 30:32 | Create | Villager (Male) |
| 30:33 | Create | Villager (Male) |
| 30:50 | Research | Kamandaran |
| 30:58 | Create | Battering Ram |
| 31:00 | Create | Battering Ram |
| 31:06 | Build | House |
| 31:09 | Build | House |
| 31:12 | Build | House |
| 31:26 | Create | Villager (Male) |
| 31:26 | Create | Villager (Male) |
| 31:27 | Create | Villager (Male) |
| 31:28 | Create | Villager (Male) |
| 31:31 | Create | Villager (Male) |
| 31:35 | Create | Villager (Male) |
| 31:50 | Build | Farm |
Build order — ENDER GELİŞEN OSASUNA ATAKLARI
First 150 of 340 actions detected
| 0:06 | Build | House |
| 0:08 | Build | House |
| 0:09 | Create | Villager (Male) |
| 0:09 | Create | Villager (Male) |
| 0:09 | Create | Villager (Male) |
| 0:10 | Create | Villager (Male) |
| 0:17 | Research | Loom |
| 1:38 | Build | House |
| 1:43 | Build | House |
| 1:51 | Create | Villager (Male) |
| 2:52 | Create | Villager (Male) |
| 2:52 | Create | Villager (Male) |
| 3:29 | Build | Mill |
| 4:10 | Create | Villager (Male) |
| 4:10 | Create | Villager (Male) |
| 4:29 | Create | Villager (Male) |
| 4:29 | Create | Villager (Male) |
| 4:53 | Create | Villager (Male) |
| 5:02 | Build | Farm |
| 5:20 | Create | Villager (Male) |
| 5:27 | Build | Farm |
| 5:43 | Create | Villager (Male) |
| 5:53 | Build | Farm |
| 5:55 | Create | Villager (Male) |
| 6:21 | Build | Farm |
| 7:22 | Build | Farm |
| 7:24 | Create | Villager (Male) |
| 7:26 | Create | Villager (Male) |
| 7:51 | Build | Lumber Camp |
| 8:00 | Build | Mining Camp |
| 10:02 | Create | Villager (Male) |
| 10:02 | Create | Villager (Male) |
| 10:13 | Create | Villager (Male) |
| 10:31 | Build | Farm |
| 10:34 | Create | Villager (Male) |
| 11:01 | Build | House |
| 11:02 | Build | House |
| 11:03 | Build | House |
| 11:04 | Build | House |
| 11:12 | Research | Feudal Age |
| 11:13 | Create | Villager (Male) |
| 11:14 | Create | Villager (Male) |
| 13:02 | Build | Barracks |
| 13:05 | Create | Villager (Male) |
| 13:13 | Build | House |
| 13:17 | Build | House |
| 13:18 | Build | House |
| 13:27 | Age | Feudal Age |
| 13:28 | Research | Double-Bit Axe |
| 13:31 | Research | Horse Collar |
| 13:33 | Create | Villager (Male) |
| 13:34 | Create | Villager (Male) |
| 13:55 | Build | Farm |
| 13:59 | Create | Villager (Male) |
| 14:00 | Create | Villager (Male) |
| 14:07 | Build | House |
| 14:30 | Create | Militia |
| 14:32 | Create | Militia |
| 14:32 | Create | Militia |
| 14:33 | Create | Militia |
| 14:33 | Create | Militia |
| 14:33 | Create | Militia |
| 14:33 | Create | Militia |
| 14:34 | Create | Militia |
| 15:43 | Create | Villager (Male) |
| 16:01 | Create | Militia |
| 16:10 | Create | Villager (Male) |
| 16:11 | Create | Villager (Male) |
| 16:12 | Create | Villager (Male) |
| 16:38 | Build | Farm |
| 17:05 | Create | Militia |
| 17:05 | Create | Militia |
| 17:07 | Create | Militia |
| 17:13 | Build | Farm |
| 17:49 | Create | Villager (Male) |
| 17:53 | Build | Farm |
| 17:55 | Create | Villager (Male) |
| 17:56 | Create | Villager (Male) |
| 18:03 | Research | Man-at-Arms (upgrade) |
| 18:04 | Research | Arson |
| 18:09 | Create | Militia |
| 18:14 | Build | Farm |
| 18:33 | Build | Farm |
| 18:43 | Create | Villager (Male) |
| 19:08 | Create | Militia |
| 19:08 | Create | Militia |
| 19:12 | Build | Farm |
| 19:25 | Build | Farm |
| 19:27 | Create | Villager (Male) |
| 19:45 | Build | Farm |
| 19:56 | Build | Mining Camp |
| 20:04 | Build | Farm |
| 20:08 | Build | Farm |
| 20:23 | Build | Farm |
| 20:26 | Build | Farm |
| 20:29 | Create | Villager (Male) |
| 20:29 | Create | Villager (Male) |
| 20:29 | Create | Villager (Male) |
| 20:30 | Create | Villager (Male) |
| 20:40 | Create | Villager (Male) |
| 20:45 | Create | Militia |
| 20:45 | Create | Militia |
| 20:45 | Create | Militia |
| 20:46 | Create | Militia |
| 20:46 | Create | Militia |
| 20:46 | Create | Militia |
| 20:47 | Create | Militia |
| 20:47 | Create | Militia |
| 22:03 | Build | Farm |
| 22:05 | Build | Farm |
| 22:08 | Build | Farm |
| 22:10 | Create | Villager (Male) |
| 22:10 | Create | Villager (Male) |
| 22:15 | Build | Farm |
| 22:18 | Create | Militia |
| 22:18 | Create | Militia |
| 22:23 | Create | Villager (Male) |
| 22:38 | Build | Watch Tower |
| 22:43 | Create | Villager (Male) |
| 22:45 | Create | Militia |
| 22:45 | Create | Militia |
| 22:45 | Create | Militia |
| 23:00 | Research | Gold Mining |
| 23:02 | Research | Stone Mining |
| 23:11 | Build | House |
| 23:13 | Build | House |
| 23:15 | Build | House |
| 23:17 | Build | House |
| 23:22 | Build | House |
| 23:24 | Build | House |
| 23:27 | Build | House |
| 23:28 | Build | House |
| 23:39 | Research | Wheelbarrow |
| 23:40 | Create | Villager (Male) |
| 23:41 | Create | Villager (Male) |
| 23:44 | Create | Militia |
| 23:52 | Build | Blacksmith |
| 24:08 | Create | Villager (Male) |
| 24:22 | Build | Watch Tower |
| 24:38 | Research | Forging |
| 24:38 | Research | Scale Mail Armor |
| 24:51 | Build | Mining Camp |
| 25:03 | Create | Militia |
| 25:03 | Create | Militia |
| 25:04 | Create | Militia |
| 25:04 | Create | Militia |
| 25:06 | Create | Villager (Male) |
| 25:07 | Create | Villager (Male) |
| 25:23 | Build | Farm |
| 25:48 | Create | Villager (Male) |
Build order — MrAlwaysWins
First 150 of 214 actions detected
| 0:03 | Create | Villager (Male) |
| 0:03 | Create | Villager (Male) |
| 0:04 | Create | Villager (Male) |
| 0:04 | Create | Villager (Male) |
| 0:16 | Build | House |
| 0:18 | Build | House |
| 0:19 | Build | House |
| 0:21 | Build | House |
| 2:04 | Create | Villager (Male) |
| 2:04 | Create | Villager (Male) |
| 2:20 | Create | Villager (Male) |
| 2:55 | Create | Villager (Male) |
| 3:22 | Create | Villager (Male) |
| 3:22 | Create | Villager (Male) |
| 3:47 | Create | Villager (Male) |
| 3:47 | Create | Villager (Male) |
| 3:48 | Create | Villager (Male) |
| 4:24 | Build | Lumber Camp |
| 4:32 | Create | Villager (Male) |
| 4:32 | Create | Villager (Male) |
| 4:32 | Create | Villager (Male) |
| 5:24 | Create | Villager (Male) |
| 6:38 | Create | Villager (Male) |
| 6:38 | Create | Villager (Male) |
| 6:38 | Create | Villager (Male) |
| 6:38 | Create | Villager (Male) |
| 6:39 | Create | Villager (Male) |
| 6:39 | Create | Villager (Male) |
| 6:39 | Create | Villager (Male) |
| 7:59 | Create | Villager (Male) |
| 8:49 | Build | Mill |
| 9:01 | Research | Loom |
| 10:02 | Build | Mining Camp |
| 10:07 | Research | Feudal Age |
| 11:30 | Build | Barracks |
| 11:43 | Build | House |
| 11:46 | Build | House |
| 11:53 | Build | House |
| 12:04 | Create | Villager (Male) |
| 12:04 | Create | Villager (Male) |
| 12:17 | Age | Feudal Age |
| 12:27 | Build | Archery Range |
| 12:32 | Build | Archery Range |
| 12:43 | Build | Blacksmith |
| 13:22 | Research | Fletching |
| 13:23 | Research | Padded Archer Armor |
| 13:33 | Build | Mill |
| 13:49 | Create | Archer |
| 13:49 | Create | Archer |
| 13:54 | Create | Archer |
| 13:54 | Create | Archer |
| 13:54 | Create | Archer |
| 16:51 | Build | Mining Camp |
| 17:12 | Build | Mining Camp |
| 18:37 | Create | Archer |
| 18:41 | Create | Archer |
| 18:56 | Create | Archer |
| 19:07 | Create | Archer |
| 19:18 | Create | Archer |
| 19:38 | Create | Archer |
| 19:57 | Research | Horse Collar |
| 20:35 | Research | Castle Age |
| 20:45 | Build | Farm |
| 20:46 | Build | Farm |
| 20:46 | Build | Farm |
| 20:46 | Build | Farm |
| 20:46 | Build | Farm |
| 20:47 | Build | Farm |
| 20:47 | Build | Farm |
| 20:47 | Build | Farm |
| 20:47 | Build | Farm |
| 20:48 | Build | Farm |
| 20:48 | Build | Farm |
| 20:48 | Build | Farm |
| 20:49 | Build | Farm |
| 20:49 | Build | Farm |
| 20:49 | Build | Farm |
| 23:15 | Age | Castle Age |
| 24:20 | Create | Villager (Male) |
| 24:21 | Create | Villager (Male) |
| 24:21 | Create | Villager (Male) |
| 24:21 | Create | Villager (Male) |
| 24:21 | Create | Villager (Male) |
| 24:26 | Create | Villager (Male) |
| 24:47 | Build | Town Center |
| 25:38 | Create | Villager (Male) |
| 25:39 | Create | Villager (Male) |
| 25:39 | Create | Villager (Male) |
| 25:52 | Research | Double-Bit Axe |
| 26:11 | Create | Villager (Male) |
| 26:12 | Create | Villager (Male) |
| 26:12 | Create | Villager (Male) |
| 26:12 | Create | Villager (Male) |
| 27:52 | Build | Farm |
| 27:53 | Build | Farm |
| 27:53 | Build | Farm |
| 27:53 | Build | Farm |
| 27:53 | Build | Farm |
| 27:54 | Build | Farm |
| 27:54 | Build | Farm |
| 27:54 | Build | Farm |
| 27:54 | Build | Farm |
| 27:55 | Build | Farm |
| 27:55 | Build | Farm |
| 27:55 | Build | Farm |
| 27:55 | Build | Farm |
| 28:51 | Create | Villager (Male) |
| 29:49 | Create | Villager (Male) |
| 29:49 | Create | Villager (Male) |
| 29:50 | Create | Villager (Male) |
| 30:12 | Build | Farm |
| 30:12 | Build | Farm |
| 30:12 | Build | Farm |
| 30:13 | Build | Farm |
| 30:13 | Build | Farm |
| 30:13 | Build | Farm |
| 30:13 | Build | Farm |
| 30:14 | Build | Farm |
| 30:14 | Build | Farm |
| 30:14 | Build | Farm |
| 30:14 | Build | Farm |
| 30:15 | Build | Farm |
| 30:26 | Create | Villager (Male) |
| 30:26 | Create | Villager (Male) |
| 30:27 | Create | Villager (Male) |
| 31:09 | Build | House |
| 31:12 | Build | House |
| 31:14 | Build | House |
| 31:17 | Build | House |
| 31:19 | Build | House |
| 31:22 | Build | House |
| 31:26 | Build | House |
| 31:37 | Create | Villager (Male) |
| 31:37 | Create | Villager (Male) |
| 31:37 | Create | Villager (Male) |
| 31:46 | Create | Villager (Male) |
| 31:47 | Create | Villager (Male) |
| 32:33 | Build | Castle |
| 34:18 | Build | Castle |
| 34:31 | Build | Castle |
| 34:53 | Build | Castle |
| 35:13 | Research | Wheelbarrow |
| 35:14 | Research | Town Watch |
| 35:19 | Create | Villager (Male) |
| 35:19 | Create | Villager (Male) |
| 35:19 | Create | Villager (Male) |
| 35:20 | Create | Villager (Male) |
| 35:20 | Create | Villager (Male) |
| 35:28 | Research | Heavy Plow |
| 36:26 | Build | Town Center |
Build order — Hannibal
First 150 of 156 actions detected
| 0:12 | Research | Loom |
| 0:13 | Create | Villager (Male) |
| 0:13 | Create | Villager (Male) |
| 0:13 | Create | Villager (Male) |
| 0:13 | Create | Villager (Male) |
| 0:14 | Create | Villager (Male) |
| 1:05 | Build | House |
| 1:06 | Build | House |
| 1:07 | Build | House |
| 1:08 | Build | House |
| 1:53 | Create | Villager (Male) |
| 3:04 | Create | Villager (Male) |
| 3:04 | Create | Villager (Male) |
| 3:23 | Build | Mill |
| 3:44 | Create | Villager (Male) |
| 3:45 | Create | Villager (Male) |
| 4:38 | Create | Villager (Male) |
| 4:41 | Create | Villager (Male) |
| 4:57 | Create | Villager (Male) |
| 5:24 | Create | Villager (Male) |
| 5:25 | Create | Villager (Male) |
| 5:59 | Create | Villager (Male) |
| 5:59 | Create | Villager (Male) |
| 6:49 | Build | Lumber Camp |
| 8:01 | Create | Villager (Male) |
| 8:02 | Create | Villager (Male) |
| 8:04 | Create | Villager (Male) |
| 8:33 | Build | Mining Camp |
| 9:15 | Research | Feudal Age |
| 9:22 | Build | Barracks |
| 10:28 | Create | Militia |
| 10:28 | Create | Militia |
| 10:51 | Build | Farm |
| 11:17 | Create | Militia |
| 11:17 | Create | Militia |
| 11:26 | Age | Feudal Age |
| 11:46 | Create | Villager (Male) |
| 11:57 | Research | Man-at-Arms (upgrade) |
| 12:06 | Create | Villager (Male) |
| 12:07 | Create | Villager (Male) |
| 12:24 | Build | Farm |
| 12:53 | Build | Mill |
| 13:32 | Build | Watch Tower |
| 14:11 | Build | Farm |
| 14:12 | Build | Farm |
| 14:14 | Build | Farm |
| 14:14 | Build | Farm |
| 14:16 | Build | Farm |
| 14:19 | Create | Villager (Male) |
| 15:00 | Create | Villager (Male) |
| 15:15 | Build | Stable |
| 16:20 | Build | Blacksmith |
| 17:14 | Research | Castle Age |
| 17:55 | Research | Forging |
| 17:59 | Research | Horse Collar |
| 18:37 | Build | Barracks |
| 18:54 | Research | Fletching |
| 19:18 | Research | Bloodlines |
| 19:22 | Research | Scale Mail Armor |
| 19:42 | Build | Mining Camp |
| 19:54 | Age | Castle Age |
| 19:55 | Create | Spearman |
| 19:55 | Create | Spearman |
| 20:11 | Build | Mining Camp |
| 20:21 | Create | Villager (Male) |
| 20:30 | Create | Spearman |
| 21:07 | Research | Pikeman (upgrade) |
| 21:26 | Build | Market |
| 22:44 | Create | Spearman |
| 23:10 | Build | Town Center |
| 23:13 | Create | Villager (Male) |
| 23:13 | Create | Villager (Male) |
| 23:14 | Create | Villager (Male) |
| 23:15 | Create | Villager (Male) |
| 23:15 | Create | Villager (Male) |
| 23:52 | Create | Spearman |
| 24:11 | Build | Farm |
| 24:12 | Build | Farm |
| 24:13 | Build | Farm |
| 24:17 | Create | Villager (Male) |
| 24:17 | Create | Villager (Male) |
| 24:17 | Create | Villager (Male) |
| 24:38 | Build | Watch Tower |
| 25:02 | Research | Bodkin Arrow |
| 25:25 | Research | Town Watch |
| 25:31 | Build | Farm |
| 26:05 | Create | Villager (Male) |
| 26:06 | Create | Villager (Male) |
| 26:22 | Build | Palisade Wall |
| 27:04 | Build | Farm |
| 27:07 | Build | Farm |
| 27:33 | Create | Villager (Male) |
| 27:34 | Create | Villager (Male) |
| 27:34 | Create | Villager (Male) |
| 27:34 | Create | Villager (Male) |
| 27:41 | Build | Farm |
| 27:42 | Build | Farm |
| 27:43 | Build | Farm |
| 27:44 | Build | Farm |
| 27:58 | Build | Siege Workshop |
| 28:06 | Research | Chain Mail Armor |
| 28:20 | Create | Villager (Male) |
| 28:47 | Create | Spearman |
| 29:00 | Create | Mangonel |
| 29:54 | Build | Palisade Wall |
| 30:11 | Build | Farm |
| 30:14 | Create | Villager (Male) |
| 30:15 | Create | Villager (Male) |
| 30:21 | Build | Farm |
| 30:24 | Build | Farm |
| 30:41 | Create | Spearman |
| 30:41 | Create | Spearman |
| 31:10 | Build | Market |
| 31:33 | Build | Monastery |
| 32:22 | Build | University |
| 32:38 | Build | Castle |
| 33:34 | Create | Battering Ram |
| 33:39 | Build | House |
| 33:39 | Build | House |
| 33:54 | Research | Imperial Age |
| 34:56 | Create | Knight |
| 34:56 | Create | Knight |
| 34:57 | Create | Knight |
| 35:15 | Create | Militia |
| 35:15 | Create | Militia |
| 35:43 | Create | Mangonel |
| 36:28 | Research | Wheelbarrow |
| 36:34 | Research | Iron Casting |
| 37:04 | Age | Imperial Age |
| 37:14 | Build | Stone Wall |
| 37:19 | Create | Trebuchet (Packed) |
| 37:25 | Create | Spearman |
| 37:26 | Create | Spearman |
| 37:26 | Create | Spearman |
| 37:51 | Research | Murder Holes |
| 38:21 | Research | Husbandry |
| 38:57 | Create | Boyar |
| 38:58 | Create | Boyar |
| 39:12 | Create | Boyar |
| 39:18 | Create | Villager (Male) |
| 39:18 | Create | Villager (Male) |
| 39:18 | Create | Villager (Male) |
| 39:19 | Create | Villager (Male) |
| 39:19 | Create | Villager (Male) |
| 39:23 | Research | Gold Mining |
| 39:29 | Research | Masonry |
| 42:09 | Research | Squires |
| 42:10 | Create | Spearman |
| 42:10 | Create | Spearman |
| 42:10 | Create | Spearman |
Match timeline
| 9:22 | Hannibal · first_building Barracks |
| 11:26 | Hannibal · age_up feudal |
| 11:30 | MrAlwaysWins · first_building Barracks |
| 12:00 | leehunt85 · age_up feudal |
| 12:17 | MrAlwaysWins · age_up feudal |
| 12:27 | MrAlwaysWins · first_building Archery Range |
| 13:02 | ENDER GELİŞEN OSASUNA ATAKLARI · first_building Barracks |
| 13:27 | ENDER GELİŞEN OSASUNA ATAKLARI · age_up feudal |
| 14:34 | leehunt85 · first_market_sell 100 food |
| 15:08 | leehunt85 · first_building Barracks |
| 15:15 | Hannibal · first_building Stable |
| 17:10 | leehunt85 · first_building Archery Range |
| 17:27 | leehunt85 · age_up castle |
| 18:02 | leehunt85 · first_building Stable |
| 18:57 | leehunt85 · first_building Monastery |
| 19:54 | Hannibal · age_up castle |
| 22:57 | Hannibal · first_market_buy 100 wood |
| 23:15 | MrAlwaysWins · age_up castle |
| 26:22 | Hannibal · wall_segment Palisade Wall x17 |
| 26:34 | leehunt85 · first_building Siege Workshop |
| 27:58 | Hannibal · first_building Siege Workshop |
| 29:48 | leehunt85 · first_building Castle |
| 29:54 | Hannibal · wall_segment Palisade Wall x16 |
| 31:33 | Hannibal · first_building Monastery |
| 32:33 | MrAlwaysWins · first_building Castle |
| 32:38 | Hannibal · first_building Castle |
| 33:50 | Hannibal · first_market_sell 100 food |
| 37:04 | Hannibal · age_up imperial |
| 37:10 | ENDER GELİŞEN OSASUNA ATAKLARI · age_up castle |
| 37:14 | Hannibal · wall_segment Stone Wall x7 |
| 37:58 | ENDER GELİŞEN OSASUNA ATAKLARI · first_building Castle |
| 43:34 | MrAlwaysWins · resign |
[ AI ANALYSIS · 1 CREDIT ]
What really happened in this match?
Wolo.gg analyzes every decision: build order, eco, micro, common mistakes by bracket. Personalized analysis on WhatsApp or Discord in 30 seconds.
Civ guide
Persians
Perfil
Jugador #17570971